drae, chaotic female elven Wizard ------ ------- ------ |.....#### ------------- |.....| |..<.| |>....#####............-##d#d@h......#####..---------- #-....| |.....#####............| |.....| |...._.....| ###---.-- --|--- #|...........-##### |.....| |.#........| # ### ## ##|...........| # |.....| |...........## # # ##------------- ##......| |..........| ### # #####################---.--- --|--------- # # # # ## -------.- # # # # |.......| # # ### ### |.......| ----.-------# # # |.......| |..........|# -----.- # |)......| |...........# |.....| #### # --------- |..........| |.....-####----|-.- ------------ |.....| #.......| |.....| |%...{.| ------- -------- drae the Conjurer Experience level: 4 Strength: 12 Dexterity: 12 Constitution: 14 Intelligence: 17 Wisdom: 14 Charisma: 9 Health: 0(23) Energy: 60(60) Def: 1 Gold: 721 Moves: 2969 Dungeon seed: 85I7aI0Wi-kKdY4f Game ID: drae_1464018123 Your Inventory: Coins $ - 721 gold pieces Weapons a - a blessed +1 quarterstaff (weapon in hands) u - a +0 dwarvish mattock (alternate weapon; not wielded) Armor e - an uncursed +0 cloak of magic resistance (being worn) Comestibles r - 3 uncursed food rations x - an uncursed partly eaten food ration Scrolls i - an uncursed scroll of destroy armor j - an uncursed scroll of scare monster k - a blessed scroll of gold detection p - an uncursed scroll of identify q - a blessed scroll of create monster s - an uncursed scroll of teleportation y - a blessed scroll of amnesia Spellbooks l - a blessed spellbook of force bolt m - an uncursed spellbook of detect unseen Potions g - an uncursed potion of sleeping h - an uncursed potion of booze o - an uncursed potion of gain energy Rings c - an uncursed ring of warning (on right hand) d - an uncursed +1 ring of increase accuracy (on left hand) z - an uncursed ring of protection from shape changers Wands b - a wand of fire (0:6) Tools n - an uncursed wooden harp Spells and supernatural/magical abilities: Name Level Category Fail Memory a - force bolt 1 attack 0% 86% U - detect unseen 3 divination 93% 86% W - pray for help -- divine ? -- Your skills at the end: Fighting Skills Weapon Skills quarterstaff [Basic] Spellcasting Skills attack spells [Basic] enchantment spells [Basic] Final Attributes: You were piously aligned. You were sleep resistant. You were magic-protected. You were warned. You had infravision. You had a +1 bonus to hit. You are dead. Vanquished creatures: a floating eye a kobold shaman an iguana a coyote 3 hobbits a hobgoblin 2 giant rats a yellow mold a red mold 7 garter snakes 5 geckos 2 jackals 2 foxes a goblin 4 sewer rats 3 grid bugs a lichen a kobold zombie 6 newts 44 creatures vanquished. Voluntary challenges: You followed a strict vegan diet. You used a wielded weapon 49 times, starting on turn 90. You read items or engraved 1 time, starting on turn 959. You never genocided any monsters. You never polymorphed an object. You never changed form. You used no wishes. You never split a pudding. You never wrote Elbereth's name. You never violated your personal moral code. Dungeon overview: The Dungeons of Doom: levels 1 to 5 Level 1 <- You were here an altar to Anhur, a fountain, a sink a long staircase Level 2 some fountains Level 3 Level 4 a fountain, a sink Level 5 some fountains History has recorded: On T:1 you entered the Dungeons of Doom to retrieve the Amulet of Yendor! On T:479 you reached level 2 of The Dungeons of Doom. On T:683 you reached level 3 of The Dungeons of Doom. On T:699 you advanced to experience level 2. On T:1334 you advanced to experience level 3. On T:1866 you reached level 4 of The Dungeons of Doom. On T:1991 you reached level 5 of The Dungeons of Doom. On T:2358 you advanced to experience level 4. Score breakdown: Gold: 721 ( 9723 points) Experience: 4 levels ( 9649 points) Exploration: 5 levels ( 10.20%) ( 8660 points) Discoveries: 2 items ( 0.72%) ( 2553 points) Valuables value: (no points given unless you survive) Artifact value: 0 ( 0 points) Variety of kills: 19 monsters ( 4.99%) ( 6699 points) Turncount: 2969 turns ( -584 points) Survival: died (score multiplied by 80%) Total score: 29360 Latest messages: You miss the coyote. The coyote bites! The hobbit thrusts his elven dagger. The hobbit hits! You die... Final status: Goodbye drae the Wizard, killed by a hobbit... You died in The Dungeons of Doom on dungeon level 1 with 29360 points, and 721 pieces of gold, after 2969 moves. You were level 4 with a maximum of 23 hit points when you died.